 Dungeon Crawl Stone Soup version 0.17-a0-2073-gde5cdba (webtiles) character file.

1883 brucemayne the Cleaver (level 8, -7/58 HPs)
             Began as a Demonspawn Berserker on Oct 14, 2015.
             Was a Priest of Trog.
             Mangled by an ogre
             ... wielding a +0 giant spiked club
              (22 damage)
             ... on level 8 of the Dungeon.
             The game lasted 00:09:07 (2156 turns).

brucemayne the Cleaver (Demonspawn Berserker)       Turns: 2156, Time: 00:09:07

Health: -7/58      AC:  8    Str: 21    XL:     8   Next: 92%
Magic:  8/8        EV:  8    Int:  8    God:    Trog [***...]
Gold:   165        SH:  0    Dex: 12    Spells: 0 memorised, 7 levels left

rFire  . . .     SeeInvis .     a - +0 hand axe
rCold  . . .     Clarity  .     y - +0 chain mail
rNeg   . . .     SustAt   .     (no shield)
rPois  .         Gourm    .     (no helmet)
rElec  .         Spirit   .     (no cloak)
rCorr  .         Warding  .     (gloves unavailable)
rMut   .         Stasis   .     (no boots)
MR     ++...                    (no amulet)
Stlth  ..........               (no ring)
                                (no ring)

@: exhausted, regenerating, very resistant to hostile enchantments, extremely
unstealthy
A: claws 3, nightstalker 1, spiny 1
a: Burn Spellbooks, Berserk, Trog's Hand, Renounce Religion


You were on level 8 of the Dungeon.
You worshipped Trog.
Trog was most pleased with you.
You were not hungry.

You visited 2 branches of the dungeon, and saw 10 of its levels.

You collected 165 gold pieces.

Inventory:

Hand Weapons
 a - a +0 hand axe (weapon)
 l - a +1 mace of protection
Armour
 b - a +0 animal skin
 d - a +1 leather armour of cold resistance
 f - a +0 scale mail
 j - a +0 ring mail
 n - a +0 pair of gloves
 y - a +0 chain mail (worn)
Wands
 v - a wand of magic darts (36)
 w - a wand of frost (29)
Scrolls
 e - 4 scrolls of identify
 g - a scroll of random uselessness {unknown}
 m - 4 scrolls of blinking {unknown}
 o - a scroll of teleportation {unknown}
 p - 3 scrolls of remove curse {unknown}
 r - a scroll of fear {unknown}
 t - a scroll of fog {unknown}
Potions
 h - a potion of invisibility
 i - a potion of resistance
 k - a potion of cure mutation
 q - 2 potions of curing
 s - 2 potions of lignification {unknown}
 u - a potion of haste {unknown}
Comestibles
 c - 2 bread rations
 x - 5 chunks of flesh
 z - a meat ration


   Skills:
 - Level 3.0 Fighting
 + Level 10.9 Axes
 - Level 1.7 Armour
 - Level 1.7 Dodging


You had 7 spell levels left.
You didn't know any spells.

Dungeon Overview and Level Annotations

Branches:
Dungeon (9/15)             Temple (1/1) D:5
   Lair: D:8-11         Orc: D:9-12

Altars:
Elyvilon
Makhleb
Qazlal
Ru
Yredelemnul

Shops:
D:6 [


Innate Abilities, Weirdness & Mutations

You have claws for hands.
You are slightly more attuned to the shadows.
You are partially covered in sharp spines.


Message History

Unknown command.
You hit the ogre.
The ogre is moderately wounded.
The ogre is struck by your spines.
The ogre hits you with a giant spiked club!
Unknown command.
You hit the ogre.
The ogre is severely wounded.
The ogre is struck by your spines.
The ogre hits you with a giant spiked club!!
* * * LOW HITPOINT WARNING * * *
Unknown command.
You hit the ogre.
The ogre is almost dead.
You feel yourself speed up.
Unknown command.
You closely miss the ogre.
The ogre is almost dead.
The ogre hits you with a giant spiked club!!
You die...

## ######## ..
########......##.#
#......+.........# ..
####.######......####...
...#.# #>......))†......
...#.# #).......@O).....
...#.###.##......#######
.......#.##......#
..#.##.#.######### ..#.#
.#.# ..... #.########
...... .........#
...#.#.##.......#
...#.#..........#


You could see an ogre.

Vanquished Creatures
  The ghost of asdu the Cleaver, a novice HOBe of Trog (D:6)
  Grinder (D:6)
  A hippogriff (D:8)
  Eustachio (D:5)
  An orc warrior (D:8)
  2 ice beasts (D:6)
  A centaur (D:6)
  A phantom (D:8)
  A giant frog (D:7)
  A wyvern skeleton (D:7)
  A giant frog skeleton (D:8)
  A giant frog zombie (D:7)
  3 hounds
  2 orc priests
  2 orc wizards
  An iguana (D:4)
  A hound zombie (D:6)
  A worker ant zombie (D:7)
  4 gnolls (D:7)
  3 adders
  A shadow imp (D:8)
  An ooze (D:2)
  A giant gecko (D:4)
  8 orcs
  3 giant cockroaches
  10 goblins
  5 hobgoblins
  5 jackals
  3 bats
  2 giant newts
69 creatures vanquished.

Notes
Turn   | Place    | Note
--------------------------------------------------------------
     0 | D:1      | brucemayne the Demonspawn Berserker began the quest for the Orb.
     0 | D:1      | Reached XP level 1. HP: 18/18 MP: 1/1
   142 | D:2      | Gained mutation: You have sharp fingernails. [demonic ancestry]
   142 | D:2      | Reached XP level 2. HP: 24/24 MP: 2/2
   273 | D:3      | Reached XP level 3. HP: 12/29 MP: 3/3
   287 | D:3      | Reached ** piety under Trog
   416 | D:2      | Reached skill level 4 in Axes
   595 | D:4      | Gained mutation: You have very sharp fingernails. [demonic ancestry]
   595 | D:4      | Reached XP level 4. HP: 31/35 MP: 4/4
   776 | D:5      | Entered Level 5 of the Dungeon
   835 | D:5      | Found a staircase to the Ecumenical Temple.
   844 | Temple   | Entered the Ecumenical Temple
   887 | D:6      | Noticed a centaur
   914 | D:5      | Noticed Eustachio
   938 | D:5      | Reached skill level 5 in Axes
   939 | D:5      | Gained mutation: You are slightly more attuned to the shadows. [demonic ancestry]
   939 | D:5      | Reached XP level 5. HP: 36/41 MP: 5/5
  1003 | D:5      | Killed Eustachio
  1003 | D:5      | Reached skill level 6 in Axes
  1003 | D:5      | Gained mutation: You have claws for hands. [demonic ancestry]
  1003 | D:5      | Reached XP level 6. HP: 47/47 MP: 6/6
  1032 | D:6      | Found Oguts's Antique Armour Emporium.
  1074 | D:6      | Noticed Grinder
  1081 | D:6      | Noticed an ice beast
  1086 | D:6      | Killed a centaur
  1092 | D:6      | Killed Grinder
  1092 | D:6      | Reached skill level 7 in Axes
  1092 | D:6      | Gained mutation: You are partially covered in sharp spines. [demonic ancestry]
  1092 | D:6      | Reached XP level 7. HP: 52/52 MP: 7/7
  1094 | D:6      | Killed an ice beast
  1155 | D:7      | Reached skill level 8 in Axes
  1405 | D:6      | Noticed asdu's ghost (novice HOBe)
  1700 | D:6      | Killed asdu's ghost
  1700 | D:6      | Reached skill level 9 in Axes
  1700 | D:6      | Reached XP level 8. HP: 23/58 MP: 8/8
  1701 | D:6      | Noticed an ice beast
  1760 | D:6      | Killed an ice beast
  1760 | D:6      | Reached skill level 10 in Axes
  1799 | D:6      | Found a stormy altar of Qazlal.
  1805 | D:6      | Found a sacrificial altar of Ru.
  2060 | D:8      | Reached *** piety under Trog
  2156 | D:8      | Mangled by an ogre

Vault maps used:
D:1:      onia_arrival_pyramid
D:2:      serial_bayou, serial_bayou_shore_a, serial_bayou_pond_d,
          serial_bayou_shore_b, serial_bayou_pond_a, serial_bayou_pond_c
D:3:      first_bread, minmay_goblin_kobold_house
D:4:      hangedman_abyss_or_decor_stabs
D:5:      lemuel_temple_firewalk_marked, uniq_pikel, uniq_eustachio
D:6:      lemuel_doored_altar, gammafunk_temple_overflow_pools, serial_shops,
          shop, uniq_grinder
D:8:      hangedman_tree_tricks
D:9:      dpeg_lair_monsters, david_orc_1_choice, hangedman_minor_magic,
          uniq_grum, uniq_joseph
Temple:   lightli_temple_of_artemis

Action                   |  1- 3 |  4- 6 |  7- 9 || total
-------------------------+-------+-------+-------++-------
Melee: Hand axe          |    72 |    59 |   114 ||   245
Invok: Berserk           |     3 |     4 |     6 ||    13
       Trog's Hand       |       |     3 |     3 ||     6
  Use: Scroll            |       |     3 |       ||     3
       Potion            |       |       |     1 ||     1
  Eat: Chunk             |     1 |     2 |     5 ||     8
       Pizza             |       |     1 |       ||     1
       Bread ration      |       |     1 |     1 ||     2
